 Dungeon Sprint DCSS version 0.28-a0-1616-g050a50673c (webtiles) character file.

Game seed: 9429880675375311848

47440 mhtbhm the Phalangite (level 14, -10/155 HPs)
             Began as a Green Draconian Berserker on Jan 22, 2022.
             Was a High Priest of Trog.
             Mangled by a spriggan defender (18 damage)
             ... in the Dungeon (Sprint IX: "|||||||||||||||||||||||||||||").
             The game lasted 00:11:32 (4104 turns).

mhtbhm the Phalangite (Green Draconian Berserker)   Turns: 4104, Time: 00:11:32

Health: -10/155    AC: 11    Str: 29    XL:     14   Next: 8%
Magic:  14/14      EV: 17    Int:  7    God:    Trog [*****.]
Gold:   1000       SH:  0    Dex: 10    Spells: 13/13 levels left

rFire   . . .      SeeInvis +   a - +7 bardiche (vorpal)
rCold   . . .      Faith    .   (shield currently unavailable)
rNeg    . . .      Spirit   .   (armour unavailable)
rPois   +          Reflect  .   (helmet restricted)
rElec   .          Harm     .   q - +0 cloak
rCorr   .          Rampage  .   r - +0 pair of gloves
Will    +....      NoTele   +   j - +0 pair of boots
Stlth   +++++.....              B - amulet of regeneration
HPRegen 1.15/turn               k - +3 ring of strength
MPRegen 0.14/turn               A - ring of see invisible

@: short of breath, on berserk cooldown, hasted and slowed
A: breathe noxious fumes, AC +8, unfitting armour, stinger 1, poison resistance,
cold-blooded
a: Breathe Noxious Fumes, Renounce Religion, Berserk, Trog's Hand, Brothers in
Arms


You were in the Dungeon.
You worshipped Trog.
Trog was extremely pleased with you.
You visited 1 branch You collected 1916 gold pieces.
You spent 916 gold pieces at shops.

Inventory:

Hand Weapons
 a - a +7 vorpal bardiche (weapon)
 l - the +12 halberd "Aubergine" {flame, Will+ SInv}
   (Trog gifted it to you in the Dungeon)

   It burns those it strikes, dealing additional fire damage.
   Big, fiery blades are also staple armaments of hydra-hunters.
   SInv:      It lets you see invisible.
   Will:      It increases your willpower.
 s - a +2 halberd of venom
Missiles
 y - 4 curare-tipped darts (quivered)
Armour
 j - a +0 pair of boots (worn)
 q - a +0 cloak (worn)
 r - a +0 pair of gloves (worn)
Jewellery
 k - a +3 ring of strength (left hand)
 z - a ring of willpower
 A - a ring of see invisible (right hand)
 B - an amulet of regeneration (around neck)
Wands
 i - a wand of acid (2)
Scrolls
 n - 5 scrolls of fog
 o - 9 scrolls of enchant armour
 p - 11 scrolls of identify
 t - 3 scrolls of enchant weapon
Potions
 b - 6 potions of curing
 e - 4 potions of magic
 f - 2 potions of berserk rage
 h - a potion of invisibility
 m - 5 potions of mutation
 v - a potion of might
 w - 2 potions of attraction
 x - a potion of resistance


   Skills:
 + Level 22.6 Fighting
 + Level 24.4 Polearms
 + Level 16.4 Dodging
 + Level 14.6 Stealth
 + Level 4.0 Evocations


You had 13 spell levels left.
You didn't know any spells.
Your spell library was empty.

Dungeon Overview and Level Annotations

Branches:
Dungeon (1/1)

Altars:
Cheibriados
Dithmenos
Elyvilon
Fedhas
Gozag
Hepliaklqana
Kikubaaqudgha
Makhleb
Nemelex Xobeh
Okawaru
Qazlal
Ru
Sif Muna
Trog
Uskayaw
Vehumet
Wu Jian
Xom
Yredelemnul
Zin
The Shining One
Beogh
Jiyva
Lugonu

Shops:
D !(:


Innate Abilities, Weirdness & Mutations

You can breathe blasts of noxious fumes.
Your lurid green scales are hard. (AC +8)
You cannot fit into any form of body armour.
Your tail ends in a venomous barb.
Your system is resistant to poisons. (rPois)
You are cold-blooded and may be slowed by cold attacks.


Message History

You are electrocuted!
* * * LOW HITPOINT WARNING * * *
The spark wasp is engulfed in noxious fumes.
Unknown command.
Unknown command.
The spriggan defender is engulfed in noxious fumes.
The spark wasp is engulfed in noxious fumes.
The ettin is engulfed in noxious fumes.
The ettin appears confused.
The spriggan defender hits you with a +3 demon whip of electrocution.
* * * LOW HITPOINT WARNING * * *
Okay, then.
Okay, then.
The spark wasp is engulfed in noxious fumes.
The ettin is engulfed in noxious fumes.
The ettin appears confused.
The ettin barely misses the spark wasp.
The ettin closely misses the spark wasp.
The spark wasp is engulfed in noxious fumes.
The spark wasp appears confused.
The spark wasp stings the ettin!
The spark wasp shocks the ettin!
The spriggan defender closely misses you.
Unknown command.
The ettin is engulfed in noxious fumes.
The spark wasp is engulfed in noxious fumes.
The spark wasp appears confused.
The spark wasp stings the ettin.
The spark wasp shocks the ettin!
The spark wasp is engulfed in noxious fumes.
The spark wasp appears confused.
The spark wasp barely misses something.
The spriggan defender chortles and stares into space.
The spriggan defender seems less confused.
The spriggan defender closely misses you.
Okay, then.
Okay, then.
Okay, then.
Press: ? - help, v - describe, . - travel
Here: a spriggan defender, wielding a +3 demon whip of electrocution, wearing a +0 robe and wearing a +0 buckler The floor.
Unknown command.
Your stone giant goes berserk!
The spriggan defender hits you with a +3 demon whip of electrocution!!
You die...

*,,,,,,,+,,,,,,,,,,
*,*****************
*,,,,,,,,,,,,,,,,,,
*******************
*,,,,,,,,,,,,+,,,,,
*,*****************
*,,,,,,,,,,,,,,,,,,
▓▓▓▓▓▓▓▓▓▓▓▓▓▓▓▓▓▓▓
▓.@i....C..yD....)'
▓C▓▓▓▓▓▓▓▓▓▓▓▓▓▓▓▓▓
▓..................
▓▓▓▓▓▓▓▓▓▓▓▓▓▓▓▓▓▓▓
▓.........)...).)..
▓.▓▓▓▓▓▓▓▓▓▓▓▓▓▓▓▓▓
▓..................
▓▓▓▓▓▓▓▓▓▓▓▓▓▓▓▓▓▓▓
▓.........'..=..)))


You could see a spriggan defender (ally target), an ettin (confused) and a
friendly stone giant (summoned, berserk).

Vanquished Creatures
  Agnes (D)
  A frost giant (D)
  A stone giant (D)
  An eleionoma (D)
  A spark wasp (D)
  Snorg (D)
  A merfolk impaler (D)
  2 fire dragons (D)
  3 ettins (D)
  2 great orbs of eyes (D)
  A salamander tyrant (D)
  2 hydras (D)
  An ice dragon (D)
  2 naga warriors (D)
  3 catoblepae (D)
  A ghost crab (D)
  A centaur warrior (D)
  An alligator (D)
  A tengu warrior (D)
  A spriggan berserker (D)
  3 death yaks (D)
  A satyr (D)
  9 orc high priests (D)
  A deep troll shaman (D)
  2 shock serpents (D)
  Nergalle (D)
  Sonja (D)
  A naga sharpshooter (D)
  A pharaoh ant (D)
  A steelbarb worm (D)
  2 sea snakes (D)
  A swamp dragon (D)
  2 orc knights (D)
  An orc sorcerer (D)
  2 wolf spiders (D)
  An ugly thing (D)
  2 cyclopes (D)
  4 manticores (D)
  An elephant (D)
  4 black mambas (D)
  A water nymph (D)
  A naga mage (D)
  3 cane toads (D)
  2 efreet (D)
  A yaktaur (shapeshifter) (D)
  A rime drake (D)
  Psyche (D)
  A komodo dragon (D)
  A polar bear (D)
  A troll (D)
  2 meliai (D)
  2 hornets (D)
  A wind drake (D)
  A tarantella (D)
  A blink frog (D)
  A jumping spider (D)
  A spriggan (shapeshifter) (D)
  Eustachio (D)
  2 wyverns (D)
  3 yaks (D)
  3 vampire mosquitoes (D)
  A water moccasin (D)
  A sky beast (D)
  11 orc warriors (D)
  A centaur (D)
  A kobold brigand (D)
  2 bullfrogs (D)
  10 orc priests (D)
  An iguana (D)
  2 orc wizards (D)
  An adder (D)
  An adder skeleton (D)
  An adder simulacrum (D)
  5 orcs (D)
  A bat (D)
  A bat zombie (D)
  An endoplasm (D)
  A hobgoblin (D)
  A ball python zombie (D)
  2 frilled lizards (D)
145 creatures vanquished.

Vanquished Creatures (collateral kills)
  A stone giant (D)
  A great orb of eyes (D)
  A hydra (D)
  A tarantella (D)
4 creatures vanquished.

Vanquished Creatures (others)
  A swamp dragon (D)
  2 spriggans (D)
3 creatures vanquished.

Grand Total: 152 creatures vanquished

Notes
Turn   | Place    | Note
-------+----------+-------------------------------------------
     0 | D        | mhtbhm the Draconian Berserker began the quest for the Orb.
     0 | D        | Reached XP level 1. HP: 19/19 MP: 1/1
    16 | D        | Reached ** piety under Trog
    40 | D        | Noticed an iguana
    40 | D        | Noticed a sky beast
    43 | D        | Killed an iguana
    44 | D        | Reached skill level 5 in Fighting
    44 | D        | Reached skill level 4 in Polearms
    44 | D        | Reached XP level 2. HP: 29/29 MP: 2/2
    44 | D        | Reached XP level 3. HP: 36/36 MP: 3/3
    52 | D        | Reached *** piety under Trog
    61 | D        | Killed a sky beast
    62 | D        | Reached skill level 6 in Polearms
    62 | D        | Reached skill level 5 in Dodging
    62 | D        | Reached XP level 4. HP: 45/45 MP: 4/4
    64 | D        | Reached XP level 5. HP: 51/51 MP: 5/5
    70 | D        | Found a snail-covered altar of Cheibriados.
    70 | D        | Found a shadowy altar of Dithmenos.
    70 | D        | Found a white marble altar of Elyvilon.
    70 | D        | Found a blossoming altar of Fedhas.
    70 | D        | Found an opulent altar of Gozag.
    71 | D        | Found a hazy altar of Hepliaklqana.
    72 | D        | Found a viscous altar of Jiyva.
    73 | D        | Found an ancient bone altar of Kikubaaqudgha.
    74 | D        | Found a corrupted altar of Lugonu.
    75 | D        | Found a burning altar of Makhleb.
    76 | D        | Found a sparkling altar of Nemelex Xobeh.
    77 | D        | Found an iron altar of Okawaru.
    78 | D        | Found a stormy altar of Qazlal.
    79 | D        | Found a sacrificial altar of Ru.
    80 | D        | Found a shimmering blue altar of Sif Muna.
    81 | D        | Found a bloodstained altar of Trog.
    82 | D        | Found a hide-covered altar of Uskayaw.
    83 | D        | Found a radiant altar of Vehumet.
    84 | D        | Found an ornate altar of the Wu Jian Council.
    85 | D        | Found a shimmering altar of Xom.
    86 | D        | Found a basalt altar of Yredelemnul.
    87 | D        | Found a glowing silver altar of Zin.
    88 | D        | Found a glowing golden altar of the Shining One.
   137 | D        | Noticed a centaur
   137 | D        | Noticed a troll
   137 | D        | Noticed an orc warrior
   141 | D        | Reached skill level 7 in Polearms
   143 | D        | Killed a centaur
   143 | D        | Reached **** piety under Trog
   144 | D        | Reached skill level 8 in Polearms
   144 | D        | Reached XP level 6. HP: 61/61 MP: 6/6
   147 | D        | Killed a troll
   148 | D        | Reached skill level 10 in Polearms
   149 | D        | Killed an orc warrior
   150 | D        | Your scales start taking on a lurid green colour.
   150 | D        | Reached XP level 7. HP: 65/71 MP: 7/7
   150 | D        | Gained mutation: Your system is resistant to poisons.
                  | (rPois) [Green Draconian growth]
   152 | D        | Reached ***** piety under Trog
   277 | D        | Noticed a troll
   277 | D        | Noticed a yaktaur
   277 | D        | Noticed a cyclops
   277 | D        | Noticed a vampire mosquito
   277 | D        | Noticed a tengu warrior
   277 | D        | Noticed a purple ugly thing
   279 | D        | Noticed a spriggan
   279 | D        | a troll changed into a spriggan
   283 | D        | Killed a vampire mosquito
   284 | D        | Reached skill level 10 in Fighting
   285 | D        | Killed a spriggan
   286 | D        | Reached skill level 11 in Polearms
   287 | D        | Killed a yaktaur
   287 | D        | Killed a cyclops
   288 | D        | Reached skill level 12 in Polearms
   288 | D        | Reached skill level 10 in Dodging
   288 | D        | Reached XP level 8. HP: 82/82 MP: 8/8
   294 | D        | Killed a tengu warrior
   295 | D        | Reached skill level 13 in Polearms
   295 | D        | Reached skill level 1 in Stealth
   295 | D        | Reached XP level 9. HP: 88/90 MP: 9/9
   295 | D        | Killed a purple ugly thing
   296 | D        | Reached skill level 14 in Polearms
   408 | D        | Noticed a cane toad
   408 | D        | Noticed a cane toad
   412 | D        | Identified the +6 dagger of Dim Light {antimagic, *Noise
                  | rF+ rCorr} (Trog gifted it to you in the Dungeon)
   412 | D        | Received a gift from Trog
   414 | D        | Noticed a komodo dragon
   415 | D        | Killed a cane toad
   418 | D        | Killed a cane toad
   419 | D        | Reached skill level 15 in Polearms
   435 | D        | Killed a komodo dragon
   437 | D        | Received a gift from Trog
   438 | D        | Reached XP level 10. HP: 101/101 MP: 10/10
   471 | D        | Noticed an eight-headed hydra
   563 | D        | Killed a 15-headed hydra
   564 | D        | Reached skill level 16 in Polearms
   799 | D        | Noticed a cane toad
   799 | D        | Noticed a black mamba
   799 | D        | Noticed a black mamba
   803 | D        | Noticed a five-headed hydra
   804 | D        | Killed a cane toad
   808 | D        | Killed a black mamba
   809 | D        | Noticed an elephant
   813 | D        | Reached skill level 17 in Polearms
   821 | D        | Killed a 14-headed hydra
   821 | D        | Reached ****** piety under Trog
   826 | D        | Killed a black mamba
   826 | D        | Received a gift from Trog
   841 | D        | Killed an elephant
   842 | D        | Reached skill level 15 in Fighting
  1161 | D        | Noticed a catoblepas
  1161 | D        | Noticed a catoblepas
  1161 | D        | Noticed a catoblepas
  1161 | D        | Noticed a death yak
  1161 | D        | Noticed a death yak
  1169 | D        | Killed a catoblepas
  1170 | D        | Reached skill level 18 in Polearms
  1170 | D        | Noticed a death yak
  1174 | D        | Killed a catoblepas
  1175 | D        | Reached XP level 11. HP: 91/113 MP: 11/11
  1176 | D        | Killed a catoblepas
  1180 | D        | Killed a death yak
  1182 | D        | Killed a death yak
  1183 | D        | Reached skill level 5 in Stealth
  1190 | D        | Killed a death yak
  1190 | D        | Received a gift from Trog
  1496 | D        | Noticed Psyche
  1500 | D        | Killed Psyche
  1546 | D        | Noticed an orc knight
  1549 | D        | Noticed an orc sorcerer
  1553 | D        | Killed an orc knight
  1558 | D        | Received a gift from Trog
  1561 | D        | Killed an orc sorcerer
  1562 | D        | Reached skill level 19 in Polearms
  1573 | D        | Received a gift from Trog
  1743 | D        | Received a gift from Trog
  1744 | D        | Noticed an orc knight
  1771 | D        | Killed an orc knight
  1781 | D        | Received a gift from Trog
  2018 | D        | Found Juneu's Magic Scroll Emporium.
  2018 | D        | Noticed an orc high priest
  2018 | D        | Noticed an orc high priest
  2018 | D        | Noticed an orc high priest
  2018 | D        | Noticed an orc high priest
  2019 | D        | Noticed an orc high priest
  2021 | D        | Noticed a sun demon
  2024 | D        | Killed an orc high priest
  2027 | D        | Killed an orc high priest
  2032 | D        | Killed an orc high priest
  2033 | D        | Found Erasucag's Distillery.
  2035 | D        | Found Areudgh's Antique Weapon Emporium.
  2037 | D        | Noticed an orc high priest
  2038 | D        | Killed an orc high priest
  2038 | D        | Received a gift from Trog
  2039 | D        | Reached XP level 12. HP: 85/127 MP: 12/12
  2039 | D        | Found Cam Otos's Book Shoppe.
  2042 | D        | Killed an orc high priest
  2047 | D        | Noticed an orc high priest
  2050 | D        | Noticed an orc high priest
  2055 | D        | Killed an orc high priest
  2060 | D        | Noticed an orc high priest
  2062 | D        | HP: 3/127 [orc priest/divine providence (16)]
  2063 | D        | Killed an orc high priest
  2064 | D        | Reached skill level 15 in Dodging
  2377 | D        | Killed an orc high priest
  2474 | D        | Killed an orc high priest
  2475 | D        | Reached skill level 20 in Polearms
  2498 | D        | Bought 2 scrolls of fog for 52 gold pieces
  2498 | D        | Bought a scroll of enchant weapon for 97 gold pieces
  2498 | D        | Bought a scroll of magic mapping for 45 gold pieces
  2498 | D        | Bought a scroll of blinking for 97 gold pieces
  2498 | D        | Bought a scroll of fog for 26 gold pieces
  2498 | D        | Bought a scroll of fog for 26 gold pieces
  2498 | D        | Bought a scroll of enchant armour for 97 gold pieces
  2498 | D        | Bought a scroll of identify for 26 gold pieces
  2500 | D        | Bought a potion of might for 48 gold pieces
  2500 | D        | Bought a potion of mutation for 96 gold pieces
  2500 | D        | Bought a potion of attraction for 36 gold pieces
  2500 | D        | Bought a potion of curing for 36 gold pieces
  2500 | D        | Bought a potion of resistance for 120 gold pieces
  2500 | D        | Bought a potion of attraction for 36 gold pieces
  2502 | D        | Bought a scroll of identify for 26 gold pieces
  2502 | D        | Bought a scroll of identify for 26 gold pieces
  2502 | D        | Bought a scroll of identify for 26 gold pieces
  2597 | D        | Noticed Sonja
  2601 | D        | Killed Sonja
  2601 | D        | Received a gift from Trog
  2682 | D        | Noticed a centaur warrior
  2689 | D        | Reached skill level 10 in Stealth
  2691 | D        | Killed a centaur warrior
  2694 | D        | Reached skill level 1 in Evocations
  2697 | D        | Noticed an eight-headed hydra
  2698 | D        | Noticed a stone giant
  2699 | D        | Noticed a great orb of eyes
  2702 | D        | Received a gift from Trog
  2703 | D        | Noticed a great orb of eyes
  2704 | D        | Noticed a fire dragon
  2712 | D        | Killed an eight-headed hydra
  2715 | D        | Killed a stone giant
  2720 | D        | Killed a great orb of eyes
  2756 | D        | Killed a great orb of eyes
  2772 | D        | Noticed an ettin
  2781 | D        | Killed a fire dragon
  2783 | D        | Killed an ettin
  2784 | D        | Reached skill level 21 in Polearms
  2817 | D        | Noticed an ettin
  2892 | D        | Killed an ettin
  2892 | D        | Received a gift from Trog
  2904 | D        | Noticed a frost giant
  3095 | D        | Killed a frost giant
  3171 | D        | Noticed Agnes
  3178 | D        | Killed Agnes
  3179 | D        | Reached XP level 13. HP: 139/139 MP: 13/13
  3222 | D        | Noticed Snorg
  3231 | D        | Killed Snorg
  3252 | D        | Noticed Nergalle
  3257 | D        | Killed Nergalle
  3299 | D        | Received a gift from Trog
  3305 | D        | Reached skill level 22 in Polearms
  3311 | D        | Received a gift from Trog
  3557 | D        | Received a gift from Trog
  3738 | D        | Noticed a merfolk impaler
  3747 | D        | Reached skill level 23 in Polearms
  3752 | D        | Received a gift from Trog
  3757 | D        | Killed a merfolk impaler
  3839 | D        | Identified the +12 halberd "Aubergine" {flame, Will+ SInv}
                  | (Trog gifted it to you in the Dungeon)
  3839 | D        | Received a gift from Trog
  3841 | D        | Noticed an eleionoma
  3847 | D        | Paralysed by a hornet for 1 turns
  3858 | D        | Killed an eleionoma
  4013 | D        | Noticed Eustachio
  4022 | D        | Killed Eustachio
  4060 | D        | Noticed a stone giant
  4060 | D        | Noticed a fire dragon
  4061 | D        | Received a gift from Trog
  4062 | D        | Noticed a spark wasp
  4064 | D        | Reached skill level 24 in Polearms
  4065 | D        | Noticed an ettin
  4066 | D        | Noticed a spriggan defender
  4069 | D        | Killed a fire dragon
  4071 | D        | Killed a stone giant
  4072 | D        | Noticed an ettin
  4072 | D        | Noticed a spark wasp
  4073 | D        | Gained mutation: Your tail ends in a venomous barb. [Green
                  | Draconian growth]
  4073 | D        | Reached XP level 14. HP: 99/155 MP: 14/14
  4082 | D        | Noticed a cyan very ugly thing
  4097 | D        | HP: 4/155 [spriggan defender (10)]
  4098 | D        | HP: 1/155 [spriggan defender (4)]
  4104 | D        | Mangled by a spriggan defender

Illustrated notes

Levels and vault maps discovered:
D:        linesprint [early_d, line_temple, items_1, d_10, items_2, lair_1,
          lair_end, items_3, orc_1, orc_end, items_4, d_15, swamp_1, shoals_1,
          snake_1, spider_1, d_20, vaults_1, items_5, swamp_end, shoals_end,
          snake_end, spider_end, vaults_end, d_27, items_6, zot_1, zot_end,
          crypt_end, forest_end, elf_end, slime_end, tomb_end, abyss_end,
          pan_hell_end]

Skill      XL: |  1  2  3  4  5  6  7  8  9 10 11 12 13 14 |
---------------+-------------------------------------------+-----
Dodging        | 4 5 7 8 10 11 13 14 15 16 | 16.4
Fighting       | 5 6 8 9 11 12 13 15 18 20 22 | 22.6
Polearms       | 4 6 8 10 12 13 15 18 19 21 24 | 24.4
Stealth        | 1 4 7 12 14 | 14.6
Evocations     | 3 4 |  4.0

Action                   |  1- 3 |  4- 6 |  7- 9 | 10-12 | 13-15 || total
-------------------------+-------+-------+-------+-------+-------++-------
Melee: Spear             |    39 |     2 |       |       |       ||    41
       Tailslap          |     1 |     1 |     5 |    32 |     9 ||    48
       Halberd           |       |    10 |    43 |   156 |       ||   209
       Bardiche          |       |       |       |    44 |   107 ||   151
Invok: Berserk           |     1 |     1 |     2 |     9 |     3 ||    16
       Brothers in Arms  |       |       |       |     1 |     4 ||     5
 Abil: Breathe Noxious F |       |       |     1 |    11 |     8 ||    20
Evoke: Wand              |       |       |       |     7 |     1 ||     8
  Use: Potion            |       |       |       |     3 |     4 ||     7
       Scroll            |       |       |       |     2 |     2 ||     4
 Stab: Sleeping          |       |       |       |     1 |     4 ||     5
       Confused          |       |       |       |    13 |     9 ||    22
       Distracted        |       |       |       |     2 |       ||     2
Armor: Skin              |     9 |     1 |     4 |    33 |    20 ||    67
Dodge: Dodged            |    14 |     5 |     6 |   130 |    51 ||   206

Table legend: (Time is in decaauts)
 A = Elapsed time spent in this place.
 B = Non-inter-level travel time spent in this place.
 C = Inter-level travel time spent in this place.
 D = Time resting spent in this place.
 E = Time spent auto-exploring this place.
 F = Levels seen in this place.
 G = Mean time per level.
                   A        B        C        D        E       F      G
               +--------+--------+--------+--------+--------+-----+--------+
         Total |   4117 |   4117 |      0 |   2135 |    683 |   1 | 4117.0 |
       Dungeon |   4117 |   4117 |      0 |   2135 |    683 |   1 | 4117.0 |
               +--------+--------+--------+--------+--------+-----+--------+

Top non-repeatable levels by time:
       D: 4117 daAuts
